 Dungeon Crawl Stone Soup version 0.24.0-10-g970556be89 (webtiles) character file.

Game seed: 11121602291270980483, levelgen mode: deterministic

69 Lanoc the Chopper (level 4, 0/30 HPs)
             Began as an Octopode Gladiator on Nov 3, 2019.
             Slain by a goblin (5 damage)
             ... led by Robin
             ... on level 3 of the Dungeon.
             The game lasted 00:01:34 (1286 turns).

Lanoc the Chopper (Octopode Gladiator)              Turns: 1286, Time: 00:01:36

Health: 0/30       AC:  1    Str: 13    XL:     4   Next: 20%
Magic:  4/4        EV: 14    Int: 10    God:
Gold:   72         SH:  0    Dex: 14    Spells: 3/3 levels left

rFire    . . .     SeeInvis .   a - +0 war axe
rCold    . . .     Gourm    .   (no shield)
rNeg     . . .     Faith    .   b - +0 hat
rPois    .         Spirit   .   (no amulet)
rElec    .         Reflect  .   (no ring)
rCorr    .         Harm     .   (no ring)
MR       .....                  (no ring)
Stlth    ++........             (no ring)
HPRegen  0.10/turn              (no ring)
MPRegen  0.09/turn              (no ring)
                                (no ring)
                                (no ring)

@: lethally poisoned (0 -> -10)
A: almost no armour, stealthy swim, amphibious, 8 rings, constrict 8, camouflage
1, gelatinous body 1
a: no special abilities


You were on level 3 of the Dungeon.
You were not hungry.

You visited 1 branch of the dungeon, and saw 3 of its levels.

You collected 72 gold pieces.

Inventory:

Hand Weapons
 a - a +0 war axe (weapon)
Missiles
 c - 3 throwing nets (quivered)
Armour
 b - a +0 hat (worn)
Scrolls
 e - 2 scrolls of enchant weapon {unknown}
 g - 3 scrolls of identify {unknown}
 h - a scroll of teleportation {unknown}
 i - 2 scrolls of fog {unknown}
Potions
 f - 2 potions of heal wounds {unknown}
 j - a potion of mutation {unknown}
Comestibles
 d - 4 rations


   Skills:
 + Level 2.7 Fighting
 * Level 4.1 Axes
 - Level 2.0 Throwing
 + Level 3.5 Dodging


You had 3 spell levels left.
You didn't know any spells.
Your spell library contained the following spells:

 Spells                   Type           Power        Failure   Level  Hunger
 Magic Dart               Conj           #...         36%         1    ##.....
 Blink                    Tloc           N/A          50%         2    ###....
 Call Imp                 Summ           #.......     50%         2    ###....
 Slow                     Hex            #.......     50%         2    ###....
 Conjure Flame            Conj/Fire      #.......     75%         3    ####...
 Mephitic Cloud           Conj/Pois/Air  #.......     75%         3    ####...


Dungeon Overview and Level Annotations

Branches:
Dungeon (3/15)

Altars:
Xom
Yredelemnul

Annotations:
D:3 Robin


Innate Abilities, Weirdness & Mutations

You cannot wear most types of armour.
You are very stealthy in the water. (Stealth+)
You are amphibious.
You can wear up to eight rings at the same time.
You can use your tentacles to constrict eight enemies at once.
Your skin changes colour to match your surroundings (Stealth+).
Your rubbery body absorbs attacks. (AC +1, EV +1)


Message History

You hit the goblin.
You kill the goblin!
You closely miss the goblin. You hit the hobgoblin. You slash the goblin!
You kill the goblin!
The goblin barely misses you. The hobgoblin barely misses you.
The goblin hits you but does no damage.
Unknown command.
You hit Robin. Your grab misses Robin. You squeeze Robin.
Robin is heavily wounded.
You hit the hobgoblin.
You kill the hobgoblin!
Your life force feels restored.
You closely miss the goblin. You hit the goblin.
The goblin hits you with a +2 dagger of venom.
* * * LOW HITPOINT WARNING * * *
You are lethally poisoned!
Robin hits you with a +0 club.
* * * LOW HITPOINT WARNING * * *
The goblin hits you.
You die...

#.###........#.#####
#.........###...##
#..##.###.##.....#
#..##.###.###...##
#.........# ##.##
##........# #.#
####.##### #.# #.#
##)## #.# #@g.# ##.#
#gg)..# ##รท<#
#.......#
######.>.####.........#
....).......+.........+
#........####.........#
#.####...# ##.......##
# #.#.# ##.....##
###.#.#


You could see Robin and 2 goblins.

Vanquished Creatures
  An adder (D:2)
  4 worms (D:2)
  2 dart slugs
  A leopard gecko (D:2)
  2 giant cockroaches (D:2)
  8 goblins
  7 hobgoblins
  A ball python (D:1)
  2 bats
  A frilled lizard (D:2)
  7 kobolds
  10 rats
46 creatures vanquished.

Notes
Turn   | Place    | Note
-------+----------+-------------------------------------------
     0 | D:1      | Lanoc the Octopode Gladiator began the quest for the Orb.
     0 | D:1      | Reached XP level 1. HP: 14/14 MP: 1/1
    92 | D:1      | Reached XP level 2. HP: 19/19 MP: 2/2
   198 | D:2      | Reached XP level 3. HP: 6/25 MP: 3/3
  1111 | D:2      | Found a shimmering altar of Xom.
  1113 | D:2      | Found a basalt altar of Yredelemnul.
  1244 | D:3      | Reached skill level 4 in Axes
  1278 | D:3      | Noticed Robin
  1280 | D:3      | Reached XP level 4. HP: 28/30 MP: 4/4
  1286 | D:3      | Slain by a goblin

Levels and vault maps discovered:
D:1:      ncdulo_watergridlock, layout_basic, minmay_tromino_v2
D:2:      layout_loops_cross, nicolae_overflow_hidden_temple
D:3:      layout_loops_corners, lemuel_coloured_pillars_altar, first_ration,
          kennysheep_generic_room_7, uniq_robin

Skill      XL: |  1  2  3 |
---------------+----------+-----
Axes           | 4 |  4.1
Fighting       | |  2.7
Throwing       | |  2.0
Dodging        | |  3.5

Action                   |  1- 3 |  4- 6 || total
-------------------------+-------+-------++-------
Melee: War axe           |    55 |     6 ||    61
       Constrict         |    19 |     1 ||    20
       Tentacles         |     9 |     3 ||    12
 Stab: Sleeping          |    14 |       ||    14
  Eat: Chunk             |     1 |       ||     1
Armor: Skin              |     3 |     3 ||     6
Dodge: Dodged            |    26 |    13 ||    39
